 Dungeon Crawl Stone Soup version 0.17-a0-1596-g1e86911 (console) character file.

63 Monkaria the Ducker (level 3, 0/17 HPs)
             Began as a Felid Berserker on July 31, 2015.
             Was a Believer of Trog.
             Succumbed to an adder's poison
             ... on level 2 of the Dungeon.
             The game lasted 00:02:21 (2344 turns).

Monkaria the Ducker (Felid Berserker)               Turns: 2344, Time: 00:02:21

Health: 0/17       AC:  1    Str: 14    XL:     3   Next: 89%
Magic:  4/4        EV: 21    Int:  8    God:    Trog [**....]
Gold:   105        SH:  0    Dex: 15    Spells: 0 memorised, 2 levels left
                                        Lives:  0   Deaths: 0

rFire  . . .     SeeInvis +       - Unarmed
rCold  . . .     Clarity  .     (armour unavailable)
rNeg   . . .     SustAt   .     (shield unavailable)
rPois  .         Gourm    .     (helmet unavailable)
rElec  .         Spirit   .     (cloak unavailable)
rCorr  .         Warding  .     (gloves unavailable)
rMut   .         Stasis   .     (boots unavailable)
MR     .....                    (no amulet)
Stlth  +++.......               (no ring)
                                (no ring)

@: lethally poisoned (0 -> -7), quick, not resistant to hostile enchantments,
fairly stealthy
A: no armour, no weapons or thrown items, claws 1, fangs 3, see invisible,
carnivore 3, speed 1, shaggy fur 1, slow metabolism 1, sharp paws
a: Burn Spellbooks, Berserk, Trog's Hand, Renounce Religion


You were on level 2 of the Dungeon.
You worshipped Trog.
Trog was pleased with you.
You were not hungry.

You visited 1 branch of the dungeon, and saw 2 of its levels.

You collected 105 gold pieces.

Inventory:

Jewellery
 g - a +4 ring of strength {unknown}
Magical devices
 h - a wand of fireball (14)
Scrolls
 b - 5 scrolls of remove curse {unknown}
 c - a scroll of identify {unknown}
 f - a scroll of noise {unknown}
Potions
 e - a potion of invisibility {unknown}
Comestibles
 a - 2 meat rations


   Skills:
 - Level 3.0 Fighting
 - Level 6.0 Dodging
 + Level 2.2 Stealth
 - Level 3.0 Unarmed Combat


You had 2 spell levels left.
You didn't know any spells.

Dungeon Overview and Level Annotations

Branches:
Dungeon (2/15)

Altars:
Vehumet


Innate Abilities, Weirdness & Mutations

You cannot wear armour.
You are incapable of wielding weapons or throwing items.
You have sharp claws.
You have razor-sharp teeth.
You have supernaturally acute eyesight.
You are carnivorous and can eat meat at any time.
You cover ground quickly.
You are covered in fur (AC +1).
You have a slow metabolism.
Your sharp claws are effective at attacking unaware monsters.


Message History

The adder is lightly wounded.
You feel sick. The adder misses you. The adder misses you.
You miss the adder.
The adder is lightly wounded.
The adder misses you.
You miss the adder. Your bite misses the adder.
The adder is lightly wounded.
You feel sick. The adder completely misses you.
You closely miss the adder. You bite the adder.
The adder is heavily wounded.
The adder completely misses you.
You barely miss the adder. Your bite misses the adder.
The adder is heavily wounded.
The adder bites you.
* * * LOW HITPOINT WARNING * * *
You are too injured to fight recklessly!
You are too injured to fight recklessly!
Drink which item? (? for menu, Esc to quit)
It was a potion of magic.
Magic courses through your body.
You die...

#.#...#.#.##...#.# #.#.#.
#.#...#.#......#.# #.###.
#.#...#.######.#.###.....
#######.#...#........#.........
###.......#...########.#.########
..#.#######...#..............#
..#.##.#............##.#####.#
..#....#.#...>.......#.......####
..####.#........@S..#######......
...###'#..........#.# #.#####
................#.#.# #.#
.........#'######.#.# #.#
.........#........#>#######.#
......<..#.#.######'##....#.#####
.........#.#.# #........#.#.#....
###......#.#.# #........#.#.#.###
###......#.#.# #.......[#.......#


You could see an adder.

Vanquished Creatures
  3 gnolls (D:2)
  2 oozes
  2 bats
  2 giant cockroaches (D:2)
  2 goblins (D:1)
  3 hobgoblins (D:2)
  3 giant newts
  7 kobolds
  A quokka (D:2)
  5 rats
30 creatures vanquished.

Notes
Turn   | Place    | Note
--------------------------------------------------------------
     0 | D:1      | Monkaria the Felid Berserker began the quest for the Orb.
     0 | D:1      | Reached XP level 1. HP: 10/10 MP: 2/2
   353 | D:1      | Reached XP level 2. HP: 9/14 MP: 3/3
   466 | D:1      | Reached skill level 5 in Dodging
  1149 | D:2      | Reached XP level 3. HP: 7/17 MP: 4/4
  1325 | D:2      | Acquired Trog's second power
  1767 | D:2      | Reached skill level 6 in Dodging
  1953 | D:2      | Reached skill level 1 in Stealth
  2249 | D:2      | Found a radiant altar of Vehumet.
  2344 | D:2      | Succumbed to an adder's poison

Vault maps used:
D:1:      sevenhm_arrival_forest_fort_small_4, minmay_misc_feat_tower
D:2:      nicolae_overflow_hidden_temple

Action                   || total
-------------------------++-------
Melee: Unarmed           ||   107
  Use: Potion            ||     1
 Stab: Sleeping          ||     3
  Eat: Chunk             ||     4
